 Dungeon Sprint DCSS version 0.27-a0-54-g64bdb92e38 (webtiles) character file.

Game seed: 17973754049945167580

126 tatocazan the Insei (level 5, 0/37 HPs)
             Began as an Octopode Transmuter on Jan 7, 2021.
             Was a Priest of Cheibriados.
             Splashed by a jelly's acid (7 damage)
             ... in the Dungeon (Sprint VII: "The Pits").
             The game lasted 00:01:47 (206 turns).

tatocazan the Insei (Octopode Transmuter)            Turns: 206, Time: 00:01:47

Health: 0/37       AC: -3    Str: 17    XL:     5   Next: 9%
Magic:  11/11      EV: 16    Int: 24    God:    Cheibriados [***...]
Gold:   0          SH:  0    Dex: 21    Spells: 9/12 levels left

rFire    . . .     SeeInvis .   i - +1 dagger (drain)
rCold    . . .     Faith    .   (no shield)
rNeg     . . .     Spirit   .   (helmet currently unavailable)
rPois    .         Reflect  .   (no amulet)
rElec    .         Harm     .   (no ring)
rCorr    .         Rampage  .   (no ring)
Will     .....     NoTele   +   (no ring)
Stlth    +++.......             (no ring)
HPRegen  0.12/turn              (no ring)
MPRegen  0.12/turn              (no ring)
                                (no ring)
                                (no ring)

@: appendages (expiring), wereblooded (expiring), corroded, very slightly
contaminated, invisible, very slow
A: almost no armour, stealthy swim, amphibious, 8 rings, constrict 8, tentacle
spike 3, camouflage 1, gelatinous body 1
a: End Transformation, Renounce Religion, Bend Time, Temporal Distortion


You were in the Dungeon.
You worshipped Cheibriados.
Cheibriados was most pleased with you.
One of your tentacles had a temporary spike.
You visited 1 branch

Inventory:

Hand Weapons
 a - a +2 dagger
 i - a +1 dagger of draining (weapon)
Scrolls
 g - a scroll of blinking
Potions
 b - 6 potions of curing
 c - 6 potions of heal wounds
 d - a potion of haste
 e - 4 potions of magic
 f - 3 potions of berserk rage
 h - a potion of invisibility


   Skills:
 + Level 4.1 Fighting
 + Level 4.6 Dodging
 + Level 1.6 Stealth
 + Level 5.1 Unarmed Combat
 + Level 4.2 Spellcasting
 * Level 4.7 Transmutations


You had 9 spell levels left.
You knew the following spells:

 Your Spells              Type           Power        Failure   Level
a - Beastly Appendage     Tmut           54%          1%          1
b - Wereblood             Tmut           27%          1%          2

Your spell library contained the following spells:

 Spells                   Type           Power        Failure   Level
 Spider Form              Tmut/Pois      8%           11%         3
 Ice Form                 Ice/Tmut       16%          34%         4
 Blade Hands              Tmut           13%          36%         5


Dungeon Overview and Level Annotations

Branches:
Dungeon (1/1)

Altars:
Ashenzari
Cheibriados
Dithmenos
Elyvilon
Fedhas
Gozag
Hepliaklqana
Kikubaaqudgha
Makhleb
Nemelex Xobeh
Okawaru
Qazlal
Ru
Sif Muna
Trog
Uskayaw
Vehumet
Wu Jian
Xom
Yredelemnul
Zin
The Shining One
Beogh
Jiyva
Lugonu


Innate Abilities, Weirdness & Mutations

You cannot wear most types of armour.
You are very stealthy in the water. (Stealth+)
You are amphibious.
You can wear up to eight rings at the same time.
You can use your tentacles to constrict eight enemies at once.
Your skin changes colour to match your surroundings (Stealth+).
Your rubbery body absorbs attacks. (AC +1, EV +1)
One of your tentacles bears a large vicious spike.


Message History

* * * LOW HITPOINT WARNING * * *
You take 17 damage, and have 10/37 hp.
MASSIVE DAMAGE!!
The kobold barely misses you. The jelly completely misses you.
The kobold closely misses you.
Your transformation is almost over.
Things that are here:
a +0 dagger; an orc corpse
There is an open door here.
Your primal bloodlust is almost over.
The jelly closely misses you.
You howl as the wereblood boils in your veins!
MP restored: 11 You hit the jelly.
Your tentacles burn!
* * * LOW HITPOINT WARNING * * *
You pierce the jelly, but do no damage.
The jelly is lightly wounded.
The jelly hits you.
* * * LOW HITPOINT WARNING * * *
The acid corrodes you!
You are splashed with acid!
You die...

#...........'.....
#'#####'#####.....
#.#...#)#[[##.....
#.#...#)#))#####'#
#.#...†.#))##.....
#.##'####.)##.....
#.#.....#..##.....
#.#.....#'###...<.
#@#........##.....
#J#........##.....
#'###########.....
#.)#.#.## ######
#.......#
##.#.#.##
#....Y..#
##.#.#.##
#b......#


You could see a jelly.

Vanquished Creatures
  A floating eye (D)
  2 ufetubi (D)
  An ooze (D)
  An orc (D)
  A ball python (D)
  A bat zombie (D)
  A hobgoblin (D)
  A kobold (D)
  A giant cockroach zombie (D)
10 creatures vanquished.

Notes
Turn   | Place    | Note
-------+----------+-------------------------------------------
     0 | D        | tatocazan the Octopode Transmuter began the quest for the
                  | Orb.
     0 | D        | Reached XP level 1. HP: 13/13 MP: 3/3
     8 | D        | Noticed a floating eye
    14 | D        | Killed a floating eye
    15 | D        | Reached skill level 5 in Unarmed Combat
    15 | D        | Reached XP level 2. HP: 22/22 MP: 2/7
    15 | D        | Reached XP level 3. HP: 27/27 MP: 2/8
    15 | D        | Reached XP level 4. HP: 33/33 MP: 2/10
    22 | D        | Learned a level 2 spell: Wereblood
    24 | D        | Found a bloodstained altar of Trog.
    24 | D        | Found a shimmering blue altar of Sif Muna.
    24 | D        | Found a viscous altar of Jiyva.
    24 | D        | Found a hazy altar of Hepliaklqana.
    24 | D        | Found an opulent altar of Gozag.
    25 | D        | Found a glowing golden altar of the Shining One.
    25 | D        | Found a glowing silver altar of Zin.
    25 | D        | Found a basalt altar of Yredelemnul.
    25 | D        | Found a shimmering altar of Xom.
    25 | D        | Found an ornate altar of the Wu Jian Council.
    25 | D        | Found a sacrificial altar of Ru.
    25 | D        | Found a stormy altar of Qazlal.
    25 | D        | Found an iron altar of Okawaru.
    25 | D        | Found a sparkling altar of Nemelex Xobeh.
    25 | D        | Found a burning altar of Makhleb.
    25 | D        | Found a blossoming altar of Fedhas.
    25 | D        | Found a white marble altar of Elyvilon.
    25 | D        | Found a shadowy altar of Dithmenos.
    25 | D        | Found a snail-covered altar of Cheibriados.
    27 | D        | Found a corrupted altar of Lugonu.
    27 | D        | Found a radiant altar of Vehumet.
    27 | D        | Found a roughly hewn altar of Beogh.
    28 | D        | Found an ancient bone altar of Kikubaaqudgha.
    28 | D        | Found a hide-covered altar of Uskayaw.
    28 | D        | Found a broken altar of Ashenzari.
    38 | D        | Became a worshipper of Cheibriados the Contemplative
   110 | D        | Reached * piety under Cheibriados
   117 | D        | Reached ** piety under Cheibriados
   119 | D        | Reached skill level 1 in Stealth
   120 | D        | Reached *** piety under Cheibriados
   121 | D        | Reached XP level 5. HP: 33/37 MP: 11/11
   191 | D        | Noticed an ice beast
   194 | D        | Noticed a fire bat
   206 | D        | Splashed by a jelly's acid

Illustrated notes

Levels and vault maps discovered:
D:        pitsprint [storerooms_1, entrance_room_1, metal_vault_7, armoury_2,
          mini_pit_1, grid_room_1, main_hall_1, silver_pit, the_coven_3,
          the_vestibule_1, steel_vault_2, golden_pit, hallway_of_sentries,
          crystal_vault_1, iron_vault_1, final_vault]

Skill      XL: |  1  2  3  4 |
---------------+-------------+-----
Fighting       | 3 4 |  4.1
Dodging        | 4 |  4.6
Unarmed Combat | 5 |  5.1
Spellcasting   | 4 |  4.2
Transmutations | 4 |  4.7
Stealth        | 1 |  1.6

Action                   |  1- 3 |  4- 6 || total
-------------------------+-------+-------++-------
Melee: Unarmed           |     3 |       ||     3
       Kick              |     2 |     7 ||     9
       Constrict         |     1 |     6 ||     7
       Tentacles         |     1 |     6 ||     7
       Dagger            |       |    16 ||    16
       Punch             |       |     1 ||     1
 Cast: Beastly Appendage |     1 |     2 ||     3
       Wereblood         |       |     1 ||     1
  Use: Potion            |       |     1 ||     1
 Stab: Sleeping          |     1 |     1 ||     2
Armor: Skin              |       |     2 ||     2
Dodge: Dodged            |       |    12 ||    12

Table legend: (Time is in decaauts)
 A = Elapsed time spent in this place.
 B = Non-inter-level travel time spent in this place.
 C = Inter-level travel time spent in this place.
 D = Time resting spent in this place.
 E = Time spent auto-exploring this place.
 F = Levels seen in this place.
 G = Mean time per level.
                   A        B        C        D        E       F      G
               +--------+--------+--------+--------+--------+-----+--------+
         Total |    253 |    234 |     19 |     41 |      0 |   1 |  253.0 |
       Dungeon |    253 |    234 |     19 |     41 |      0 |   1 |  253.0 |
               +--------+--------+--------+--------+--------+-----+--------+

Top non-repeatable levels by time:
       D: 253 daAuts
